 Dungeon Crawl Stone Soup version 0.30-a0-711-gf4ac18a38d (webtiles) character file.

Game seed: 1084859425385060922

257 voltaire321 the Stinger (level 6, -8/46 HPs)
             Began as a Merfolk Venom Mage on Jan 23, 2023.
             Blown up by Ijyb (18 damage)
             ... with a mindburst bolt
             ... on level 4 of the Dungeon.
             The game lasted 00:10:06 (3025 turns).

voltaire321 the Stinger (Merfolk Venom Mage)        Turns: 3025, Time: 00:10:07

Health: -8/46      AC:  3    Str:  9    XL:     6   Next: 16%
Magic:  9/10       EV: 13    Int: 16    God:
Gold:   33         SH:  0    Dex: 14    Spells: 4/11 levels left

rFire   + . .      SeeInvis .    t - +2 short sword (vamp)
rCold   . . .      Faith    .    (no shield)
rNeg    . . .      Spirit   .    a - +0 robe
rPois   .          Reflect  .    (no helmet)
rElec   .          Harm     .    (no cloak)
rCorr   +          Rampage  .    (no gloves)
Will    .....                    g - +0 pair of boots
Stlth   ++                       n - amulet of magic regeneration
HPRegen 0.27/turn                p - ring of protection from fire
MPRegen 0.52/turn                r - ring of resist corrosion

@: no status effects
A: (nimble swimmer 2), mertail
a: no special abilities


You were on level 4 of the Dungeon.
You visited 1 branch of the dungeon, and saw 4 of its levels.

You collected 95 gold pieces.
You spent 62 gold pieces at shops.

Inventory:

Hand Weapons
 t - a +2 vampiric short sword (weapon)
Armour
 a - a +0 robe (worn)
 g - a +0 pair of boots (worn)
Jewellery
 n - an amulet of magic regeneration (around neck)
 p - a ring of protection from fire (left hand)
 r - a ring of resist corrosion (right hand)
 v - a ring of see invisible
Scrolls
 c - a scroll of magic mapping {unknown}
 d - a scroll of poison {unknown}
 f - a scroll of enchant armour {unknown}
 h - 2 scrolls of blinking {unknown}
 i - 4 scrolls of identify
 j - 2 scrolls of vulnerability {unknown}
 k - a scroll of summoning {unknown}
 o - a scroll of teleportation
 q - a scroll of enchant weapon {unknown}
 s - a scroll of immolation {unknown}
Potions
 b - a potion of magic
 e - 2 potions of attraction {unknown}
 l - 2 potions of ambrosia {unknown}
 m - a potion of heal wounds {unknown}
 u - a potion of curing {unknown}


   Skills:
 + Level 2.4 Fighting
 + Level 1.0 Armour
 + Level 4.2 Dodging
 - Level 2.1 Stealth
 + Level 3.1 Spellcasting
 + Level 3.4 Transmutations
 + Level 4.2 Poison Magic


You had 4 spell levels left.
You knew the following spells:

 Your Spells              Type           Power      Damage    Failure   Level
a - Sting                 Tmut/Pois      56%        1d5       3%          1
b - Poisonous Vapours     Pois/Air       18%        N/A       12%         2
c - Olgreb's Toxic Radia  Pois           16%        N/A       32%         4

Your spell library contained the following spells:

 Spells                   Type           Power      Damage    Failure   Level
 Mephitic Cloud           Conj/Pois/Air  7%         N/A       30%         3


Dungeon Overview and Level Annotations

Branches:
Dungeon (4/15)
 Temple: D:4-7

Altars:

Shops:
D:3 (*(?(

Annotations:
D:4 Ijyb


Innate Abilities, Weirdness & Mutations

((You are very nimble when in or above water. (Stealth+, EV+, Speed+++)))
Your lower body shifts to a powerful aquatic tail in water.


Message History

Press: ? - help, Q - select action, (/) - cycle Shift-Dir - straight line, f - Ijyb
Aim: Ijyb, wielding a +0 club, wearing a +3 scale mail of positive energy and carrying a wand of mindburst (16) (68% to hit)
The sting misses Ijyb.
Aiming: Sting (safe; 3% risk of failure)
Press: ? - help, Q - select action, (/) - cycle Shift-Dir - straight line, f/p - Ijyb
Aim: Ijyb, wielding a +0 club, wearing a +3 scale mail of positive energy and carrying a wand of mindburst (16) (68% to hit)
The sting hits Ijyb.
Ijyb is poisoned.
Ijyb is lightly wounded.
Aiming: Sting (safe; 3% risk of failure)
Press: ? - help, Q - select action, (/) - cycle Shift-Dir - straight line, f/p - Ijyb
Aim: Ijyb, wielding a +0 club, wearing a +3 scale mail of positive energy and carrying a wand of mindburst (16) (lightly wounded, poisoned, 68% to hit)
The sting hits Ijyb but does no damage.
Ijyb looks even sicker.
Ijyb is lightly wounded.
Ijyb hits you with a +0 club.
You hit Ijyb but do no damage.
Ijyb is lightly wounded.
Ijyb zaps a wand.
Your mind is blasted!
You hit Ijyb.
Ijyb is lightly wounded.
Ijyb hits you with a +0 club.
* * * LOW HITPOINT WARNING * * *
You hit Ijyb.
Ijyb is moderately wounded.
A kobold comes into view. It is wielding a +0 whip.
Ijyb hits you with a +0 club.
* * * LOW HITPOINT WARNING * * *
You closely miss Ijyb.
Ijyb is moderately wounded.
Ijyb closely misses you.
You closely miss Ijyb. You punch Ijyb, but do no damage.
Ijyb is moderately wounded.
Ijyb hits you with a +0 club.
* * * LOW HITPOINT WARNING * * *
Aiming: Sting (safe; 3% risk of failure)
Press: ? - help, Q - select action, (/) - cycle Shift-Dir - straight line, f/p - Ijyb
Aim: Ijyb, wielding a +0 club, wearing a +3 scale mail of positive energy and carrying a wand of mindburst (15) (moderately wounded, poisoned, 68% to hit)
The sting hits Ijyb but does no damage.
Ijyb looks even sicker.
Ijyb is moderately wounded.
Ijyb zaps a wand.
Your mind is blasted!
You die...

###### ######### #.....
# ........#####.)... #.#
..................
###...#######.#####.....
...).Kg@.####.### #.....
####..##.##.....#####.##
#. #.##.###.#.....## #.
# #....# #........#
####.## ##.#.#
#.#####..# ....)..
#.#... .# #..# ...#..#
#.###.### #..# ...#..#
... .# #..# ...#..# #.#
# #..#


You could see Ijyb (very poisoned) and a kobold.

Vanquished Creatures
  A necrophage (D:4)
  An orc priest (D:3)
  2 orc wizards (D:4)
  4 gnolls (D:3)
  2 adders
  3 dart slugs
  6 orcs
  5 ball pythons
  3 endoplasms
  2 giant cockroaches
  5 hobgoblins
  9 kobolds
  A quokka (D:4)
  3 bats
  2 frilled lizards
  4 goblins
  6 rats
59 creatures vanquished.

Notes
Turn   | Place    | Note
-------+----------+-------------------------------------------
     0 | D:1      | voltaire321 the Merfolk Venom Mage began the quest for the
                  | Orb.
     0 | D:1      | Reached XP level 1. HP: 13/13 MP: 3/3
   133 | D:1      | Reached XP level 2. HP: 2/20 MP: 0/5
   261 | D:1      | Learned a level 2 spell: Poisonous Vapours
   643 | D:1      | Reached skill level 1 in Fighting
   781 | D:1      | Reached XP level 3. HP: 22/26 MP: 4/6
  1023 | D:2      | Found a faded altar of an unknown god.
  1658 | D:3      | Reached XP level 4. HP: 6/32 MP: 5/7
  1911 | D:3      | Reached XP level 5. HP: 11/38 MP: 7/9
  2050 | D:3      | Found Jeliok's General Store.
  2062 | D:3      | Bought a scroll of teleportation for 36 gold pieces
  2284 | D:3      | Found Hoenwah's Weapon Shoppe.
  2357 | D:3      | Found Beycrown's Antique Weapon Shop.
  2460 | D:3      | Found Fibbococ's Magic Scroll Shop.
  2463 | D:3      | Bought a scroll of identify for 26 gold pieces
  2516 | D:3      | Found Fitsol's Antique Weapon Boutique.
  2652 | D:4      | Noticed Ijyb
  2652 | D:4      | Noticed a phantom
  2830 | D:4      | Reached skill level 1 in Armour
  2830 | D:4      | Reached XP level 6. HP: 25/46 MP: 10/10
  2933 | D:4      | Learned a level 4 spell: Olgreb's Toxic Radiance
  3025 | D:4      | Blown up by Ijyb

Illustrated notes

Levels and vault maps discovered:
D:1:      pf_arrival_petrified_forest, layout_basic
D:2:      layout_basic, shapermc_ecumenical_altar_flowoftime, fountainhead
D:3:      layout_loops_ring, serial_shops, shop, nicolae_shop_hallway_stairs,
          shop, nicolae_shop_bloodbath_and_beyond, shop_fountains,
          kennysheep_nondescript
D:4:      layout_loops_ring, lexackson_kobold_supper, uniq_ijyb

Skill      XL: |  1  2  3  4  5 |
---------------+----------------+-----
Dodging        | 3 4 |  4.2
Transmutations | 2 3 |  3.4
Fighting       | 1 2 |  2.4
Poison Magic   | 4 |  4.2
Armour         | 1 |  1.0
Spellcasting   | 3 |  3.1
Stealth        | |  2.1

Action                     |  1- 3 |  4- 6 || total
---------------------------+-------+-------++-------
  Melee: Unarmed           |    10 |       ||    10
         Dagger            |    36 |    17 ||    53
         Short sword       |       |    52 ||    52
         Punch             |       |     2 ||     2
   Cast: Sting             |    42 |    55 ||    97
 Armour: Robe              |    11 |     7 ||    18
  Dodge: Dodged            |    28 |    47 ||    75

Table legend: (Time is in decaauts)
 A = Elapsed time spent in this place.
 B = Non-inter-level travel time spent in this place.
 C = Inter-level travel time spent in this place.
 D = Time resting spent in this place.
 E = Time spent auto-exploring this place.
 F = Levels seen in this place.
 G = Mean time per level.
                   A        B        C        D        E       F      G
               +--------+--------+--------+--------+--------+-----+--------+
         Total |   3018 |   2935 |     83 |    484 |   1777 |   4 |  754.5 |
       Dungeon |   3018 |   2935 |     83 |    484 |   1777 |   4 |  754.5 |
               +--------+--------+--------+--------+--------+-----+--------+

Top non-repeatable levels by time:
     D:3: 1073 daAuts
     D:1: 890 daAuts
     D:2: 707 daAuts
     D:4: 347 daAuts
